Map: Apotheosis LE

Players

Lugubrion

  • Race: Protoss Protoss
  • League: Silver

xintae - Winner!

  • Race: Protoss Protoss
  • League: Silver

VOD

Have the link to the VOD?

Description

Time

  • Played on: Oct. 8, 2016, 2:43 p.m.
  • Length: 12:28
Show
View Real Time Build Order
Export as new Build Order

Lugubrion Protoss 

Build Orders:  

Get SALT Encoding   

  12  0:01  Probe (Chrono Boost)  
  13  0:12  Probe (Chrono Boost)  
  14  0:18  Pylon  
  14  0:22  Probe (Chrono Boost)  
  15  0:38  Gateway  
  15  0:40  Probe (Chrono Boost)  
  16  0:44  Assimilator  
  16  0:55  Probe (Chrono Boost)  
  17  1:06  Probe (Chrono Boost)  
  18  1:16  Probe (Chrono Boost)  
  18  1:17  Pylon  
  19  1:22  Pylon  
  19  1:27  Cybernetics Core  
  19  1:30  Probe (Chrono Boost)  
  20  1:38  Assimilator  
  20  1:41  Probe (Chrono Boost)  
  21  1:52  Probe (Chrono Boost)  
  21  1:54  Gateway  
  22  2:01  Warp Gate  
  22  2:02  Probe (Chrono Boost)  
  22  2:05  Gateway  
  23  2:15  Mothership Core (Chrono Boost)  
  25  2:30  Pylon  
  29  2:45  Stalker  
  29  2:46  Stalker  
  29  2:51  Gateway  
  28  3:06  Stargate  
  28  3:18  Forge  
  28  3:22  Stalker  
  28  3:23  Stalker  
  32  3:57  Photon Cannon  
  32  4:00  Photon Cannon  
  32  4:21  Void Ray  
  36  4:26  Probe (Chrono Boost)  
  37  4:40  Nexus  
  37  4:55  Stalker  
  37  4:56  Stalker  
  37  4:57  Stalker  
  43  5:14  Phoenix  
  45  5:49  Phoenix  
  41  6:10  Phoenix  
  43  6:27  Stargate  
  43  6:29  Probe (Chrono Boost)  
  43  6:32  Phoenix  
  46  6:40  Probe (Chrono Boost)  
  46  6:43  Pylon  
  47  6:50  Probe (Chrono Boost)  
  49  7:01  Probe (Chrono Boost)  
  49  7:02  Photon Cannon  
  49  7:06  Photon Cannon x2  
  49  7:12  Probe (Chrono Boost)  
  50  7:22  Probe (Chrono Boost)  
  51  7:25  Protoss Air Weapons Level 1  
  43  7:44  Probe (Chrono Boost)  
  35  8:07  Phoenix  
  35  8:11  Phoenix  
  35  8:21  Photon Cannon  
  35  8:22  Photon Cannon  
  35  8:25  Probe (Chrono Boost)  
  36  8:29  Phoenix  
  36  8:33  Phoenix  
  38  8:36  Probe (Chrono Boost)  
  42  8:48  Probe (Chrono Boost)  
  42  8:51  Phoenix  
  42  8:55  Phoenix  
  46  9:11  Pylon  
  46  9:14  Protoss Air Armor Level 1, Assimilator, Phoenix  
  46  9:16  Phoenix  
  49  9:18  Probe (Chrono Boost)  
  51  9:35  Probe (Chrono Boost)  
  52  9:45  Pylon  
  52  9:59  Photon Cannon  
  52  10:01  Photon Cannon  
  52  10:02  Photon Cannon  
  52  10:06  Photon Cannon  
  52  10:12  Probe (Chrono Boost)  
  53  10:32  Phoenix  
  53  10:35  Phoenix  
  57  10:54  Fleet Beacon  
  57  11:00  Phoenix  
  59  11:12  Pylon  
  59  11:16  Robotics Facility  
  59  11:26  Phoenix  
Show
View Real Time Build Order
Export as new Build Order

xintae Protoss - Winner!

Build Orders: Oracle Opening, Phoenix Opening 

Get SALT Encoding   

  12  0:01  Probe (Chrono Boost)  
  13  0:13  Pylon  
  13  0:17  Probe (Chrono Boost)  
  14  0:32  Gateway  
  14  0:34  Probe (Chrono Boost)  
  15  0:45  Probe (Chrono Boost)  
  15  0:49  Assimilator  
  16  0:54  Assimilator  
  16  0:55  Probe (Chrono Boost)  
  17  1:06  Probe (Chrono Boost)  
  18  1:17  Probe (Chrono Boost)  
  19  1:22  Cybernetics Core  
  19  1:27  Probe (Chrono Boost)  
  20  1:38  Probe (Chrono Boost)  
  21  1:48  Probe (Chrono Boost)  
  22  1:59  Probe (Chrono Boost), Stargate  
  23  2:17  Nexus  
  23  2:22  Pylon  
  23  2:40  Mothership Core (Chrono Boost)  
  23  2:42  Oracle  
  28  3:17  Assimilator  
  28  3:19  Assimilator  
  28  3:28  Probe (Chrono Boost)  
  28  3:29  Probe (Chrono Boost)  
  30  3:39  Probe x2 (Chrono Boost)  
  32  3:41  Stargate  
  32  3:43  Phoenix  
  34  3:50  Probe x2 (Chrono Boost)  
  36  4:00  Probe (Chrono Boost)  
  36  4:01  Probe (Chrono Boost)  
  38  4:11  Probe x2 (Chrono Boost)  
  40  4:24  Phoenix  
  40  4:25  Phoenix  
  40  4:28  Probe (Chrono Boost)  
  45  4:32  Probe (Chrono Boost)  
  46  4:45  Pylon  
  46  4:48  Pylon  
  46  5:03  Probe x2 (Chrono Boost)  
  46  5:04  Pylon  
  48  5:09  Fleet Beacon, Phoenix  
  48  5:10  Phoenix  
  48  5:13  Probe x2 (Chrono Boost)  
  54  5:24  Probe x2 (Chrono Boost)  
  56  5:34  Probe x2 (Chrono Boost)  
  58  5:45  Probe (Chrono Boost)  
  59  5:52  Phoenix x2  
  63  6:16  Void Ray  
  67  6:24  Nexus, Pylon  
  67  6:26  Pylon  
  67  6:28  Assimilator  
  67  6:32  Assimilator  
  67  6:42  Void Ray  
  71  6:47  Probe (Chrono Boost)  
  71  6:48  Probe (Chrono Boost)  
  73  6:58  Probe x2 (Chrono Boost)  
  73  6:59  Void Ray  
  80  7:08  Probe (Chrono Boost)  
  80  7:09  Probe (Chrono Boost)  
  81  7:19  Probe x2 (Chrono Boost)  
  83  7:29  Probe (Chrono Boost)  
  85  7:30  Probe (Chrono Boost)  
  85  7:35  Void Ray  
  89  7:42  Void Ray  
  87  8:18  Phoenix  
  89  8:21  Probe x3 (Chrono Boost)  
  89  8:25  Phoenix  
  94  8:32  Probe (Chrono Boost)  
  101  8:50  Pylon  
  101  8:53  Pylon  
  101  8:55  Pylon  
  101  9:02  Stargate x2  
  101  9:05  Stargate  
  101  9:08  Phoenix x2  
  105  9:20  Fleet Beacon  
  105  9:23  Forge  
  105  9:26  Cybernetics Core  
  105  9:33  Void Ray x2  
  113  9:48  Stargate, Void Ray  
  113  9:50  Void Ray x2  
  125  9:55  Protoss Air Weapons Level 1, Protoss Air Armor Level 1  
  125  10:03  Pylon  
  125  10:05  Pylon  
  125  10:07  Pylon  
  125  10:09  Pylon  
  125  10:10  Protoss Shields Level 1  
  125  10:12  Pylon  
  125  10:14  Pylon  
  128  10:22  Void Ray x2  
  128  10:23  Probe x3 (Chrono Boost)  
  128  10:26  Void Ray  
  136  10:33  Tempest x2  
  136  10:35  Probe x3 (Chrono Boost), Pylon x2  
  151  10:37  Pylon  
  151  10:38  Pylon  
  151  11:09  Nexus  
  151  11:13  Assimilator  
  151  11:14  Assimilator  
Tags
 
Add a new tag
Caveats
  • Supply blocks, unpowered buildings, or Contaminate may cause inaccurate times.
  • Supply counts are checked every 10 seconds.